 Dungeon Crawl Stone Soup version 0.23.0 (webtiles) character file.

Game seed: 4414439999243771835

522 Faca the Shooter (level 7, -4/60 HPs)
             Began as a Centaur Hunter on Feb 13, 2019.
             Was a Follower of Okawaru.
             Slain by an ogre
             ... wielding a +0 giant club
              (28 damage)
             ... on level 4 of the Dungeon.
             The game lasted 00:09:28 (4773 turns).

Faca the Shooter (Centaur Hunter)                   Turns: 4773, Time: 00:09:29

Health: -4/60      AC:  7    Str: 16    XL:     7   Next: 2%
Magic:  7/7        EV:  7    Int: 10    God:    Okawaru [*.....]
Gold:   153        SH:  0    Dex: 10    Spells: 6/6 levels left

rFire    . . .     SeeInvis .   u - +1 spear (flame)
rCold    . . .     Gourm    .   (no shield)
rNeg     . . .     Faith    .   h - +0 scale mail
rPois    .         Spirit   .   m - +0 helmet
rElec    .         Reflect  .   v - scarf {repulsion}
rCorr    .         Harm     .   (no gloves)
MR       .....                  (no barding)
Stlth    ..........             (no amulet)
HPRegen  0.20/turn              (no ring)
MPRegen  0.10/turn              (no ring)

@: repel missiles, very quick
A: large, hooves 3, deformed body, speed 2, tough skin 3
a: Heroism, Renounce Religion


You were on level 4 of the Dungeon.
You worshipped Okawaru.
Okawaru was aware of your devotion.
You were hungry.

You visited 1 branch of the dungeon, and saw 4 of its levels.

You collected 153 gold pieces.

Inventory:

Hand Weapons
 a - a +1 shortbow
 u - a +1 spear of flaming (weapon)
Missiles
 d - 53 arrows
Armour
 h - a +0 scale mail (worn)
 l - a +0 cloak
 m - a +0 helmet (worn)
 v - a scarf of repulsion (worn)
Wands
 i - a wand of enslavement (7)
 s - a wand of flame (13)
Scrolls
 b - 2 scrolls of enchant armour {unknown}
 c - 3 scrolls of teleportation {unknown}
 e - a scroll of amnesia {unknown}
 g - 7 scrolls of identify {unknown}
 j - 2 scrolls of fear {unknown}
 k - a scroll of magic mapping {unknown}
 n - 5 scrolls of remove curse {unknown}
 t - 2 scrolls of fog {unknown}
Potions
 o - 2 potions of flight {unknown}
 p - 2 potions of curing {unknown}
 q - 2 potions of heal wounds {unknown}
 r - a potion of magic {unknown}
Comestibles
 f - 7 rations
 w - a chunk of flesh


   Skills:
 + Level 4.8 Fighting
 + Level 3.3 Polearms
 + Level 7.8 Bows
 - Level 1.3 Dodging
 - Level 0.4 Stealth


You had 6 spell levels left.
You didn't know any spells.
Your spell library was empty.

Dungeon Overview and Level Annotations

Branches:
Dungeon (4/15)             Temple (0/1) D:4

Altars:
Ashenzari
Fedhas
Kikubaaqudgha
Okawaru
Sif Muna
Xom
The Shining One


Innate Abilities, Weirdness & Mutations

You have hooves in place of feet.
Armour fits poorly on your strangely shaped body.
You cover ground very quickly.
You have extremely tough skin. (AC +3)


Message History

The ogre is severely wounded.
Attack whom?
Press: ? - help, Dir - move target cursor, f/p - ogre
Aim: an ogre, wielding a +0 giant club (severely wounded)
You reach to attack!
Your scale mail prevents you from hitting the ogre.
The ogre is severely wounded.
Attack whom?
Press: ? - help, Dir - move target cursor, f/p - ogre
Aim: an ogre, wielding a +0 giant club (severely wounded)
You reach to attack!
You barely miss the ogre.
The ogre is severely wounded.
Attack whom?
Press: ? - help, Dir - move target cursor, f/p - ogre
Aim: an ogre, wielding a +0 giant club (severely wounded)
You reach to attack!
Your scale mail prevents you from hitting the ogre.
The ogre is severely wounded.
The ogre hits you with a +0 giant club!!
You die...

#.........###............#..##.#
#.........# #............#..[#.#
#.........# #............#..>#.#
#.........# #............#.#.#.#
######.#### #............#.#<#.#
#.# #............#.#.#.# #.#
#.......######.#.#.#
#.######....O..######.#.#.#
#......'...@...+......#.#.##
########.......########.#...
######### #.#### #.# #.# #.#
#.#### #..... ######


You could see an ogre.

Vanquished Creatures
  A scorpion (D:4)
  Crazy Yiuf (D:3)
  Jessica (D:3)
  Natasha (thrice) (D:2)
  4 worker ants (D:4)
  Robin (D:2)
  6 adders
  7 gnolls (D:2)
  2 oozes
  2 worms
  2 dart slugs
  2 leopard geckos
  4 orcs
  11 bats
  5 giant cockroaches
  18 goblins
  6 hobgoblins
  8 jackals (D:2)
  9 kobolds
  6 frilled lizards
  11 rats
110 creatures vanquished.

Notes
Turn   | Place    | Note
-------+----------+-------------------------------------------
     0 | D:1      | Faca the Centaur Hunter began the quest for the Orb.
     0 | D:1      | Reached XP level 1. HP: 17/17 MP: 1/1
   320 | D:1      | Reached XP level 2. HP: 14/25 MP: 2/2
  1067 | D:1      | Reached XP level 3. HP: 30/30 MP: 3/3
  1074 | D:1      | Reached skill level 6 in Bows
  1365 | D:2      | Noticed Natasha
  1374 | D:2      | Killed Natasha
  1374 | D:2      | Reached skill level 1 in Polearms
  1374 | D:2      | Reached XP level 4. HP: 12/38 MP: 4/4
  1609 | D:2      | Noticed Robin
  1625 | D:2      | Killed Robin
  1861 | D:2      | Found an iron altar of Okawaru.
  1870 | D:2      | Became a worshipper of Warmaster Okawaru
  2058 | D:2      | Reached XP level 5. HP: 25/45 MP: 5/5
  2485 | D:2      | Noticed Natasha
  2487 | D:2      | Killed Natasha
  2487 | D:2      | Reached skill level 7 in Bows
  2507 | D:2      | Noticed Natasha
  2520 | D:2      | Killed Natasha
  2666 | D:2      | Found a shadowy altar of Dithmenos.
  2692 | D:2      | Found a shattered altar of Ashenzari.
  2692 | D:2      | Found a shimmering altar of Xom.
  2694 | D:2      | Found a blossoming altar of Fedhas.
  2694 | D:2      | Found an ancient bone altar of Kikubaaqudgha.
  2694 | D:2      | Found a glowing golden altar of the Shining One.
  2722 | D:2      | Found a deep blue altar of Sif Muna.
  2889 | D:3      | Found a shattered altar of Ashenzari.
  2919 | D:3      | Noticed Jessica
  2937 | D:3      | Killed Jessica
  2937 | D:3      | Reached XP level 6. HP: 45/52 MP: 6/6
  3330 | D:3      | Found a runed translucent door.
  3331 | D:3      | Noticed Crazy Yiuf
  3357 | D:3      | Killed Crazy Yiuf
  3901 | D:4      | Found a staircase to the Ecumenical Temple.
  4158 | D:4      | Reached * piety under Okawaru
  4735 | D:4      | Reached XP level 7. HP: 18/60 MP: 7/7
  4773 | D:4      | Slain by an ogre

Skill      XL: |  1  2  3  4  5  6 |
---------------+-------------------+-----
Bows           | 6 7 |  7.8
Fighting       | 3 4 |  4.8
Polearms       | 1 2 3 |  3.3
Dodging        | |  1.3
Stealth        | |  0.4

Action                   |  1- 3 |  4- 6 |  7- 9 || total
-------------------------+-------+-------+-------++-------
Melee: Short sword       |    64 |       |       ||    64
       Kick              |    15 |    41 |       ||    56
       Spear             |    51 |   254 |     9 ||   314
 Fire: Shortbow          |       |    29 |       ||    29
  Eat: Chunk             |     1 |     5 |       ||     6
       Ration            |       |     1 |       ||     1
Armor: Leather armour    |    21 |       |       ||    21
       Scale mail        |    36 |   103 |       ||   139
Dodge: Dodged            |    49 |    73 |       ||   122
       Deflected         |       |     3 |       ||     3
